 Dungeon Sprint DCSS version 0.19-a0-1855-gb7442ac (webtiles) character file.

436 monday the Destroyer (level 6, -3/45 HPs)
             Began as a Draconian Conjurer on Oct 11, 2016.
             Was an Initiate of Vehumet.
             Slain by a slime creature (5 damage)
             ... in the Dungeon (Sprint I: "Red Sonja").
             The game lasted 00:04:29 (631 turns).

monday the Destroyer (Draconian Conjurer)            Turns: 631, Time: 00:04:30

Health: -3/45      AC:  6    Str: 11    XL:     6   Next: 68%
Magic:  1/16       EV: 12    Int: 17    God:    Vehumet [......]
Gold:   299        SH:  0    Dex: 11    Spells: 4 memorised, 8 levels left

rFire  . . .     SeeInvis .     i - +0 dagger (venom)
rCold  . . .     Gourm    .     (armour unavailable)
rNeg   . . .     Faith    .     (no shield)
rPois  .         Spirit   .     (helmet restricted)
rElec  .         Dismiss  .     (no cloak)
rCorr  .         Reflect  .     (no gloves)
MR     .....     Harm     .     (no boots)
Stlth  ++........ NoTele   +    (no amulet)
                                (no ring)
                                (no ring)

@: very slightly contaminated
A: unfitting armour, cold-blooded, AC +6
a: Renounce Religion


You were in the Dungeon.
You worshipped Vehumet.
Vehumet was noncommittal.
You were not hungry.

You visited 1 branch You collected 299 gold pieces.

Inventory:

Hand Weapons
 i - a +0 dagger of venom (weapon)
Scrolls
 h - a scroll of blinking
Potions
 c - a potion of curing
 e - a potion of haste
 f - 2 potions of magic
 g - a potion of mutation {unknown}
 j - a potion of brilliance {unknown}
Books
 a - a book of Conjurations

   Spells                             Type                      Level
   a - Magic Dart                     Conjuration                  1
   b - Searing Ray                    Conjuration                  2
   c - Dazzling Spray                 Conjuration/Hexes            3
   d - Fulminant Prism                Conjuration/Hexes            4
   e - Iskenderun's Mystic Blast      Conjuration                  4
   f - Iskenderun's Battlesphere      Conjuration/Charms           5
Comestibles
 b - a bread ration
 k - 4 chunks of flesh


   Skills:
 - Level 1.7 Dodging
 - Level 1.7 Stealth
 + Level 7.9 Spellcasting
 * Level 12.1 Conjurations


You had 8 spell levels left.
You knew the following spells:

 Your Spells              Type           Power        Failure   Level  Hunger
a - Magic Dart            Conj           ####         1%          1    None
b - Searing Ray           Conj           #####.       1%          2    None
c - Iskenderun's Mystic   Conj           #####...     1%          4    ###....
d - Iskenderun's Battles  Conj/Chrm      ####....     24%         5    #####..


Dungeon Overview and Level Annotations

Branches:
Dungeon (1/1)

Altars:
Cheibriados
Dithmenos
Elyvilon
Fedhas
Gozag
Hepliaklqana
Kikubaaqudgha
Makhleb
Nemelex Xobeh
Okawaru
Qazlal
Ru
Sif Muna
Trog
Uskayaw
Vehumet
Xom
Yredelemnul
Zin
The Shining One
Jiyva
Lugonu

Shops:
D }


Innate Abilities, Weirdness & Mutations

Your plain brown scales are hard. (AC +6)
You cannot fit into any form of body armour.
You are cold-blooded and may be slowed by cold attacks.


Message History

a scythe; a robe
There is an open door here.
There is an open door, spattered with blood here.
You see here a giant spiked club.
There is an open door, spattered with blood here.
You see here a chain mail.
The slime creature looks more healthy.
Casting: Searing Ray
Confirm with . or Enter, or press ? or * to list all spells.
Aiming: Searing Ray
Press: ? - help, Shift-Dir - straight line, f/p - slime creature
Aim: a slime creature (severely wounded)
The searing ray hits the slime creature.
The slime creature is severely wounded.
The slime creature hits you.
* * * LOW HITPOINT WARNING * * *
The searing ray hits the slime creature.
The slime creature is almost dead.
The slime creature hits you.
You die...

################ ##
#<.#..)..#..'..#__#
#..[..#..').#..'..+
#..#####'#####'#__#
#..####..#...#.# ##
#.J#__####..##(#
#.@#_____##'#..+
#⌠⌠#_.∩...'..._#
####_..__##_.#'#
#_____###+#.#
####### ###


You could see a slime creature.

Vanquished Creatures
  Sigmund (D)
  A yak (D)
  An ogre (D)
  A jelly (D)
  Ijyb (D)
5 creatures vanquished.

Notes
Turn   | Place    | Note
-------+----------+-------------------------------------------
     0 | D        | monday the Draconian Conjurer began the quest for the Orb.
     0 | D        | Reached XP level 1. HP: 14/14 MP: 3/3
     1 | D        | Noticed Ijyb
    11 | D        | Killed Ijyb
    11 | D        | Reached skill level 6 in Conjurations
    11 | D        | Reached XP level 2. HP: 20/20 MP: 0/6
    20 | D        | Learned a level 2 spell: Searing Ray
   204 | D        | Noticed an ogre
   210 | D        | Killed an ogre
   210 | D        | Reached skill level 5 in Spellcasting
   210 | D        | Reached skill level 8 in Conjurations
   210 | D        | Reached XP level 3. HP: 26/26 MP: 0/9
   210 | D        | Reached XP level 4. HP: 33/33 MP: 0/11
   216 | D        | Learned a level 4 spell: Iskenderun's Mystic Blast
   297 | D        | Noticed Sigmund
   305 | D        | Killed Sigmund
   305 | D        | Reached skill level 10 in Conjurations
   305 | D        | Reached XP level 5. HP: 25/38 MP: 0/14
   313 | D        | Learned a level 5 spell: Iskenderun's Battlesphere
   411 | D        | Found a deep blue altar of Sif Muna.
   413 | D        | Found a radiant altar of Vehumet.
   418 | D        | Became a worshipper of Vehumet
   420 | D        | Reached skill level 11 in Conjurations
   420 | D        | Reached XP level 6. HP: 45/45 MP: 13/16
   455 | D        | Found Meh Ifew's Gadget Emporium.
   455 | D        | Found an ancient bone altar of Kikubaaqudgha.
   455 | D        | Found a hazy altar of Hepliaklqana.
   455 | D        | Found a stormy altar of Qazlal.
   455 | D        | Found a hide-covered altar of Uskayaw.
   455 | D        | Found a blossoming altar of Fedhas.
   455 | D        | Found a bloodstained altar of Trog.
   455 | D        | Found an iron altar of Okawaru.
   455 | D        | Found a basalt altar of Yredelemnul.
   455 | D        | Found a glowing golden altar of the Shining One.
   455 | D        | Found a snail-covered altar of Cheibriados.
   455 | D        | Found a sacrificial altar of Ru.
   455 | D        | Found a glowing silver altar of Zin.
   455 | D        | Found a shadowy altar of Dithmenos.
   455 | D        | Found a white marble altar of Elyvilon.
   455 | D        | Noticed a yak
   460 | D        | Killed a yak
   460 | D        | Reached skill level 12 in Conjurations
   461 | D        | Found an opulent altar of Gozag.
   464 | D        | Found a sparkling altar of Nemelex Xobeh.
   604 | D        | Found a burning altar of Makhleb.
   604 | D        | Found a viscous altar of Jiyva.
   604 | D        | Found a shimmering altar of Xom.
   604 | D        | Found a corrupted altar of Lugonu.
   604 | D        | Noticed a slime creature
   613 | D        | HP: 1/45 [slime creature (14)]
   630 | D        | HP: 2/45 [slime creature (4)]
   631 | D        | Slain by a slime creature

Vault maps used:
D:        dungeon_sprint_1

Skill      XL: |  1  2  3  4  5  6 |
---------------+-------------------+-----
Spellcasting   | 3 5 6 7 |  7.9
Conjurations   | 6 8 10 11 12 | 12.1
Dodging        | |  1.7
Stealth        | |  1.7

Action                   |  1- 3 |  4- 6 || total
-------------------------+-------+-------++-------
Melee: Unarmed           |     6 |       ||     6
       Tailslap          |     2 |     1 ||     3
       Dagger            |     1 |     6 ||     7
 Cast: Magic Dart        |     4 |       ||     4
       Searing Ray       |     1 |     5 ||     6
       Iskenderun's Myst |       |     7 ||     7
  Use: Potion            |     1 |     1 ||     2
Armor: Skin              |       |     4 ||     4
Dodge: Dodged            |     5 |     6 ||    11
